 Dungeon Crawl Stone Soup version 0.24.0-123-gd5b16e6ec5 (webtiles) character file.

Game seed: 11856717104262190014, levelgen mode: deterministic

77 Garessta the Skirmisher (level 4, -1/37 HPs)
             Began as a Demonspawn Monk on Feb 3, 2020.
             Slain by Natasha (6 damage)
             ... on level 3 of the Dungeon.
             The game lasted 00:05:09 (2440 turns).

Garessta the Skirmisher (Demonspawn Monk)           Turns: 2440, Time: 00:05:09

Health: -1/37      AC:  5    Str: 12    XL:     4   Next: 14%
Magic:  4/4        EV: 13    Int: 12    God:
Gold:   82         SH:  0    Dex: 15    Spells: 3/3 levels left

rFire    . . .     SeeInvis .   a - +0 falchion
rCold    . . .     Gourm    .   (no shield)
rNeg     . . .     Faith    .   b - +0 robe
rPois    .         Spirit   .   (no helmet)
rElec    .         Reflect  .   (no cloak)
rCorr    .         Harm     .   (no gloves)
MR       .....                  (no boots)
Stlth    ++........             (no amulet)
HPRegen  0.12/turn              (no ring)
MPRegen  0.09/turn              (no ring)

@: no status effects
A: molten scales 2
a: no special abilities


You were on level 3 of the Dungeon.
You were not hungry.

You visited 1 branch of the dungeon, and saw 3 of its levels.

You collected 82 gold pieces.

Inventory:

Hand Weapons
 a - a +0 falchion (weapon)
Armour
 b - a +0 robe (worn)
Scrolls
 d - 2 scrolls of remove curse {unknown}
 g - a scroll of teleportation {unknown}
 i - a scroll of magic mapping {unknown}
 j - a scroll of identify {unknown}
 k - a scroll of random uselessness {unknown}
 l - 2 scrolls of enchant armour {unknown}
Potions
 e - a potion of heal wounds {unknown}
 f - a potion of brilliance {unknown}
 h - a potion of lignification {unknown}
 m - a potion of curing {unknown}
Comestibles
 c - 4 rations


   Skills:
 * Level 4.1 Fighting
 + Level 3.2 Long Blades
 + Level 1.5 Armour
 - Level 2.6 Dodging
 - Level 1.7 Stealth


You had 3 spell levels left.
You didn't know any spells.
Your spell library contained the following spells:

 Spells                   Type           Power        Failure   Level  Hunger
 Animate Skeleton         Necr           N/A          32%         1    ##.....
 Apportation              Tloc           #.....       32%         1    ##.....
 Confusing Touch          Hex            #.....       32%         1    ##.....
 Summon Small Mammal      Summ           #...         32%         1    ##.....


Dungeon Overview and Level Annotations

Branches:
Dungeon (3/15)

Altars:
Fedhas

Annotations:
D:3 Natasha


Innate Abilities, Weirdness & Mutations

You are mostly covered in molten scales. (AC +3)


Message History

Natasha is lightly wounded.
Natasha claws you.
You hit Natasha.
Natasha is moderately wounded.
Natasha claws you.
You hit Natasha.
Natasha is severely wounded.
Natasha claws you!
You hit Natasha but do no damage.
Natasha is severely wounded.
Natasha mumbles some strange words.
You hit Natasha but do no damage.
Natasha is severely wounded.
Natasha casts a spell at you. The magic dart hits you!
* * * LOW HITPOINT WARNING * * *
The shadow imp hits you.
* * * LOW HITPOINT WARNING * * *
Natasha claws you.
You die...

#.# #.###
#...# ###.#
#.# #.##### #
#...#8###8##
#.#...5....##
#.#..@h....8#
#.#........##
#.###8##...#
#.# ### .%#
#.# .⌠# #.#
##


You could see Natasha and a shadow imp.

Vanquished Creatures
  An adder (D:2)
  An ooze (D:2)
  2 worms (D:2)
  2 dart slugs (D:2)
  A leopard gecko (D:2)
  2 giant cockroaches
  7 goblins
  10 hobgoblins
  2 jackals (D:1)
  A quokka (D:2)
  6 bats
  3 frilled lizards
  7 kobolds
  2 rats
47 creatures vanquished.

Notes
Turn   | Place    | Note
-------+----------+-------------------------------------------
     0 | D:1      | Garessta the Demonspawn Monk began the quest for the Orb.
     0 | D:1      | Reached XP level 1. HP: 18/18 MP: 1/1
   160 | D:1      | Gained mutation: You are partially covered in molten
                  | scales. (AC +2) [demonic ancestry]
   160 | D:1      | Reached XP level 2. HP: 14/24 MP: 2/2
  1209 | D:2      | Reached skill level 1 in Armour
  1209 | D:2      | Gained mutation: You are mostly covered in molten scales.
                  | (AC +3) [demonic ancestry]
  1209 | D:2      | Reached XP level 3. HP: 30/30 MP: 3/3
  1466 | D:2      | Found a blossoming altar of Fedhas.
  1876 | D:2      | Reached skill level 4 in Fighting
  2385 | D:2      | Reached XP level 4. HP: 35/37 MP: 4/4
  2429 | D:3      | Noticed Natasha
  2440 | D:3      | Slain by Natasha

Levels and vault maps discovered:
D:1:      ebering_trefoil_twist, layout_basic, minmay_curled_crystal
D:2:      minmay_razor_zed, layout_loops_ring, fedhas_altar_3,
          kennysheep_generic_room_10
D:3:      layout_loops_ring, corexii_hall_statues_u, uniq_terence, uniq_natasha

Skill      XL: |  1  2  3 |
---------------+----------+-----
Long Blades    | 3 |  3.2
Armour         | 1 |  1.5
Fighting       | 4 |  4.1
Dodging        | |  2.6
Stealth        | |  1.7

Action                   |  1- 3 |  4- 6 || total
-------------------------+-------+-------++-------
Melee: Falchion          |   163 |    14 ||   177
 Stab: Sleeping          |     5 |       ||     5
  Eat: Chunk             |     5 |       ||     5
Armor: Robe              |    29 |     1 ||    30
Dodge: Dodged            |   106 |     7 ||   113
       Rpst.: Falchion   |    33 |     3 ||    36
